 Dungeon Crawl Stone Soup version 0.26-a0-450-ge645bd13c1 (webtiles) character file.

Game seed: 5137926383131782255

67 MrRokkomies the Sneak (level 3, -13/31 HPs)
             Began as a Palentonga Delver on July 27, 2020.
             Mangled by an ogre
             ... wielding a +0 giant club
              (20 damage)
             ... on level 4 of the Dungeon.
             The game lasted 00:01:44 (246 turns).

MrRokkomies the Sneak (Palentonga Delver)            Turns: 246, Time: 00:01:45

Health: -13/31     AC:  4    Str: 22    XL:     3   Next: 98%
Magic:  3/3        EV: 10    Int: 11    God:
Gold:   24         SH:  0    Dex: 11    Spells: 2/2 levels left

rFire    . . .     SeeInvis +   l - +11 whip of Beleca {freeze, Str+7}
rCold    . . .     Faith    .   (no shield)
rNeg     . . .     Spirit   .   b - +0 leather armour
rPois    .         Reflect  .   (no helmet)
rElec    .         Harm     .   (no cloak)
rCorr    .                      (no gloves)
MR       .....                  (boots restricted)
Stlth    +.........             (no amulet)
HPRegen  0.10/turn              (no ring)
MPRegen  0.08/turn              (no ring)

@: confused
A: large, rugged brown scales 3, see invisible, deformed body, roll, armoured
tail
a: Rolling Charge


You were on level 4 of the Dungeon.
You visited 1 branch of the dungeon, and saw 2 of its levels.

You collected 24 gold pieces.

Inventory:

Hand Weapons
 a - a +0 mace
 l - the +11 whip of Beleca (weapon) {freeze, Str+7}
   (You found it on level 4 of the Dungeon)

   It has been specially enchanted to freeze those struck by it, causing extra
   injury to most foes and up to half again as much damage against particularly
   susceptible opponents.
   It can also slow down cold-blooded creatures.
   It affects your strength (+7).
Armour
 b - a +0 leather armour (worn)
Wands
 g - a wand of digging (3)
 i - a wand of random effects (4)
Scrolls
 c - a scroll of fog
 d - a scroll of magic mapping
 e - a scroll of fear
 h - 2 scrolls of identify {unknown}
 j - a scroll of blinking {unknown}
 k - a scroll of enchant armour {unknown}
Potions
 f - a potion of haste


   Skills:
 * Level 3.5 Fighting
 * Level 2.4 Maces & Flails
 - Level 0.1 Armour
 + Level 1.8 Dodging
 - Level 3.9 Stealth
 - Level 0.4 Evocations


You had 2 spell levels left.
You didn't know any spells.
Your spell library was empty.

Dungeon Overview and Level Annotations

Branches:
Dungeon (5/15)
 Temple: D:4-7

Altars:


Innate Abilities, Weirdness & Mutations

You are completely covered in rugged brown scales. (AC +3, +7% HP)
You have supernaturally acute eyesight. (SInv)
Armour fits poorly on your strangely shaped body.
You can roll at foes to attack.
You have a long armoured tail.


Message History

* * * LOW HITPOINT WARNING * * *
A frilled lizard comes into view.
You hear a shout! x5; You hear an angry hiss. x2; You hear a shout!
The howler monkey barely misses you. The ogre hits you but does no damage.
The howler monkey closely misses you.
Things that are here:
a cursed -1 dagger; a +0 robe You're too confused to move!
The howler monkey hits you but does no damage.
The ogre closely misses you.
You whack the ogre! You freeze the ogre.
The ogre is heavily wounded.
The howler monkey hits you.
* * * LOW HITPOINT WARNING * * *
The howler monkey hoots and howls with incredible vigour!
You hear a shout!
You hear an angry hiss.
You bump into the rock wall.
The ogre hits you with a +0 giant club!!
Ouch! That really hurt!
You die...

###.#######
........lh######.#
..
........)O@....>..
o.....#####.######.#
#..##......)......#
#.. #.#####.####=##
#..##.## #(#
#####..#...## #.#
........#o#.###.#
#####.......o...#
#######.#.#.#####


You could see an ogre, a howler monkey (catching breath) and a frilled lizard.

Vanquished Creatures
  A howler monkey (D:5)
  An orc wizard (D:4)
  2 orcs (D:4)
4 creatures vanquished.

Notes
Turn   | Place    | Note
-------+----------+-------------------------------------------
     0 | D:5      | MrRokkomies the Palentonga Delver began the quest for the
                  | Orb.
     0 | D:5      | Reached XP level 1. HP: 19/19 MP: 1/1
    29 | D:5      | Noticed a howler monkey
    39 | D:5      | Killed a howler monkey
    39 | D:5      | Reached XP level 2. HP: 16/25 MP: 2/2
    39 | D:5      | Reached XP level 3. HP: 20/31 MP: 3/3
   205 | D:4      | Noticed an ogre
   236 | D:4      | Got a brightly glowing whip
   239 | D:4      | Identified the +11 whip of Beleca {freeze, Str+7} (You
                  | found it on level 4 of the Dungeon)
   246 | D:4      | Mangled by an ogre

Illustrated notes

Levels and vault maps discovered:
D:4:      layout_loops_ring, nicolae_overflow_crystal_walls,
          minmay_temple_entry_sparse_star
D:5:      layout_basic, gup_sewer_entry_bowl, yredelemnul_altar_generic

Action                   || total
-------------------------++-------
Melee: Mace              ||     4
       Whip              ||     2
Evoke: Wand              ||     9
 Stab: Paralysed         ||     1
Armor: Leather armour    ||     3
Dodge: Dodged            ||     3

Table legend: (Time is in decaauts)
 A = Elapsed time spent in this place.
 B = Non-inter-level travel time spent in this place.
 C = Inter-level travel time spent in this place.
 D = Time resting spent in this place.
 E = Time spent auto-exploring this place.
 F = Levels seen in this place.
 G = Mean time per level.
                   A        B        C        D        E       F      G
               +--------+--------+--------+--------+--------+-----+--------+
         Total |    246 |    246 |      0 |     57 |     32 |   2 |  123.0 |
       Dungeon |    246 |    246 |      0 |     57 |     32 |   2 |  123.0 |
               +--------+--------+--------+--------+--------+-----+--------+

Top non-repeatable levels by time:
     D:5: 180 daAuts
     D:4: 66 daAuts
